 Dungeon Crawl Stone Soup version 0.31-a0-836-g3ceb0a68c4 (webtiles) character file.

Game seed: 11006286956005833138

18 Xavier147 the Slasher (level 2, 12/25 HPs)
             Began as a Minotaur Gladiator on Sept 26, 2023.
             Quit the game on level 3 of the Dungeon.
             The game lasted 00:02:18 (391 turns).

Xavier147 the Slasher (Minotaur Gladiator)           Turns: 391, Time: 00:02:18

Health: 12/25      AC:  3    Str: 18    XL:     2   Next: 51%
Magic:  1/1        EV: 12    Int:  5    God:
Gold:   32         SH:  0    Dex: 11    Spells: 1/1 levels left

rFire   . . .        a - +0 long sword
rCold   . . .        (no shield)
rNeg    . . .        b - +0 leather armour
rPois   .            c - +0 hat
rElec   .            (no cloak)
rCorr   .            (no gloves)
SInv    .            (no boots)
Will    .....        (no amulet)
Stlth   +            (no ring)
HPRegen 0.24/turn    (no ring)
MPRegen 0.07/turn

%: no passive effects
@: no status effects
A: horns 2, retaliatory headbutt
a: no special abilities


You were on level 3 of the Dungeon.
You visited 1 branch of the dungeon, and saw 3 of its levels.

You collected 32 gold pieces.

Inventory:

Hand Weapons
 a - a +0 long sword (weapon)
Missiles
 d - 3 throwing nets (quivered)
 e - a javelin
Armour
 b - a +0 leather armour (worn)
 c - a +0 hat (worn)
Potions
 f - a potion of lignification


   Skills:
 + Level 2.7 Fighting
 + Level 4.0 Long Blades
 + Level 2.0 Throwing
 + Level 3.8 Dodging


You had one spell level left.
You didn't know any spells.
Your spell library was empty.

Dungeon Overview and Level Annotations

Branches:
Dungeon (3/15)

Altars:

Annotations:
D:2 Jessica


Innate Abilities, Weirdness & Mutations

You have a pair of horns on your head.
You reflexively headbutt those who attack you in melee.


Message History

The orc hits you but does no damage.
An endoplasm comes into view.
You slash the orc!
You kill the orc!
The orc throws a stone.
The stone hits you.
The endoplasm jiggles.
The orc throws a stone.
The stone hits you.
The orc throws a stone.
The stone hits you but does no damage.
The orc throws a stone.
The stone hits you.
There are monsters nearby!
There are monsters nearby!
There are monsters nearby!
An orc is nearby!
The orc barely misses you. The orc misses you.
You hit the orc but do no damage. The orc closely misses you. x2
You barely miss the orc. You headbutt the orc, but do no damage.
The orc hits you with a +0 whip.
You hit the orc but do no damage. The orc barely misses you.
You hit the orc but do no damage. You headbutt the orc!
You kill the orc!
The endoplasm hits you.
Your Long Blades skill increases to level 4!
You slash the endoplasm!
You kill the endoplasm!
Things that are here:
a +0 whip; 4 stones; a +0 plate armour
Things that are here:
a +0 whip; 4 stones; a +0 plate armour Unknown command.
Unknown command.
Unknown command.
Unknown command.
Unknown command.
Unknown command.
Are you sure you want to abandon this character and quit the game? (Confirm with "yes".)
Okay, then.
Unknown command.
Unknown command.
Are you sure you want to abandon this character and quit the game? (Confirm with "yes".)

........... .......... ..........
#...... ####### #...!.. ......##
##### #...... ..###..## #...#
#..)...
#..###..####...############......
#..............)@........J)......
......###..#...############......
......# ##.....# ####### ......#
##....# ......# #....# #.....#
#....# ...#### ##.### ##.# #.#
##.# #.#


There were no monsters in sight!

Vanquished Creatures
  An adder (D:3)
  3 orcs (D:3)
  An endoplasm (D:3)
  A frilled lizard (D:3)
  A kobold (D:3)
  A rat (D:3)
8 creatures vanquished.

Notes
Turn   | Place    | Note
-------+----------+-------------------------------------------
     0 | D:1      | Xavier147 the Minotaur Gladiator began the quest for the
                  | Orb.
     0 | D:1      | Reached XP level 1. HP: 18/18 MP: 0/0
   125 | D:2      | Noticed Jessica
   138 | D:3      | Reached XP level 2. HP: 3/25 MP: 1/1
   386 | D:3      | Reached skill level 4 in Long Blades
   391 | D:3      | Quit the game

Illustrated notes

Levels and vault maps discovered:
D:1:      ebering_trefoil_twist, layout_rooms, serial_shops,
          nicolae_shop_peninsula, shop, chequers_serial_rivers_micro_c
D:2:      layout_rooms, hangedman_abyss_or_decor_stabs, minmay_diced_spiral,
          uniq_jessica
D:3:      layout_basic, wad_floor_pattern_2

Skill      XL: |  1  2 |
---------------+-------+-----
Long Blades    | 4 |  4.0
Fighting       | |  2.7
Throwing       | |  2.0
Dodging        | |  3.8

Action                     || total
---------------------------++-------
  Melee: Long sword        ||    20
         Headbutt          ||     3
    Use: Potion            ||     1
 Armour: Leather armour    ||    19
  Dodge: Dodged            ||    20

Table legend: (Time is in decaauts)
 A = Elapsed time spent in this place.
 B = Non-inter-level travel time spent in this place.
 C = Inter-level travel time spent in this place.
 D = Time resting spent in this place.
 E = Time spent auto-exploring this place.
 F = Levels seen in this place.
 G = Mean time per level.
                   A        B        C        D        E       F      G
               +--------+--------+--------+--------+--------+-----+--------+
         Total |    394 |    394 |      0 |    144 |    132 |   3 |  131.3 |
       Dungeon |    394 |    394 |      0 |    144 |    132 |   3 |  131.3 |
               +--------+--------+--------+--------+--------+-----+--------+

Top non-repeatable levels by time:
     D:3: 260 daAuts
     D:1: 119 daAuts
     D:2: 14 daAuts
